 Dungeon Crawl Stone Soup version 0.29.1-12-g30fa7ad0bf (webtiles) character file.

Game seed: 9892997564846638430

0 ThatPearl the Insei (level 1, 0/15 HPs)
             Began as a Demigod Transmuter on Jan 8, 2023.
             Slain by a kobold
             ... wielding a +0 club
              (1 damage)
             ... on level 1 of the Dungeon.
             The game lasted 00:00:47 (18 turns).

ThatPearl the Insei (Demigod Transmuter)              Turns: 18, Time: 00:00:47

Health: 0/15       AC:  2    Str: 11    XL:     1   Next: 6%
Magic:  5/5        EV: 12    Int: 15    God:
Gold:   0          SH:  0    Dex: 14    Spells: 2/3 levels left

rFire   . . .      SeeInvis .     - Unarmed
rCold   . . .      Faith    .   (no shield)
rNeg    . . .      Spirit   .   a - +0 robe
rPois   .          Reflect  .   (no helmet)
rElec   .          Harm     .   (no cloak)
rCorr   .          Rampage  .   (no gloves)
Will    .....                   (no boots)
Stlth   +.........              (no amulet)
HPRegen 0.05/turn               (no ring)
MPRegen 0.09/turn               (no ring)

@: no status effects
A: high MP 1, forlorn, divine attributes
a: no special abilities


You were on level 1 of the Dungeon.
You visited 1 branch of the dungeon, and saw 1 of its levels.

Inventory:

Armour
 a - a +0 robe (worn)
Potions
 b - a potion of lignification


   Skills:
 + Level 0.9 Fighting
 - Level 1.7 Dodging
 + Level 2.7 Unarmed Combat
 + Level 1.7 Spellcasting
 + Level 1.7 Transmutations


You had 2 spell levels left.
You knew the following spells:

 Your Spells              Type           Power      Damage    Failure   Level
a - Beastly Appendage     Tmut           12%        N/A       11%         1

Your spell library contained the following spells:

 Spells                   Type           Power      Damage    Failure   Level
 Wereblood                Tmut           6%         N/A       17%         2
 Spider Form              Tmut/Pois      4%         N/A       43%         3
 Ice Form                 Ice/Tmut       4%         N/A       83%         4


Dungeon Overview and Level Annotations

Branches:
Dungeon (1/15)

Shops:
D:1 =


Innate Abilities, Weirdness & Mutations

You have an increased reservoir of magic. (+10% MP)
You shall have no god before yourself.
Your divine heritage dramatically boosts your attributes as you level up.


Message History

You kill the kobold!
The kobold throws a stone.
The stone misses you. The kobold hits you but does no damage.
Things that are here:
a +0 dagger; a kobold corpse You hit the kobold.
The kobold is moderately wounded.
You miss the kobold.
The kobold is moderately wounded.
The kobold hits you but does no damage.
The ball python bites you but does no damage.
The ball python barely misses you.
You hit the kobold.
The kobold is moderately wounded.
The kobold closely misses you. The ball python bites you.
The ball python grabs you. The ball python constricts you.
You hit the kobold but do no damage.
The kobold is moderately wounded.
The kobold closely misses you. The ball python bites you.
The ball python constricts you.
You hit the kobold but do no damage.
The kobold is moderately wounded.
The ball python bites you but does no damage.
The ball python constricts you. The kobold hits you with a +0 club.
You barely miss the kobold.
The kobold is moderately wounded.
The ball python barely misses you. The ball python constricts you.
The kobold hits you with a +0 club. The ball python bites you.
* * * LOW HITPOINT WARNING * * *
The ball python constricts you.
You barely miss the kobold. Your punch misses the kobold.
The kobold is moderately wounded.
The kobold hits you with a +0 club.
* * * LOW HITPOINT WARNING * * *
The ball python bites you but does no damage.
The ball python constricts you.
* * * LOW HITPOINT WARNING * * *
You escape the ball python's grasp.
The kobold attacks as you move away! The kobold hits you with a +0 club.
You die...

.......<.....#........#
.......>.....#........#
###..⌠...⌠...#........#
#..........#........#
##.......#.#........#
#.#######.#........# #.
#.......[..# ..
#.##....### # ###?@..##
......KS..#
######......# ...∩...#
##......# #.#.#### ..
.# .. ..


You could see a ball python and a kobold.

Vanquished Creatures
  A kobold (D:1)
1 creature vanquished.

Notes
Turn   | Place    | Note
-------+----------+-------------------------------------------
     0 | D:1      | ThatPearl the Demigod Transmuter began the quest for the
                  | Orb.
     0 | D:1      | Reached XP level 1. HP: 15/15 MP: 5/5
     7 | D:1      | Found Buezico's Jewellery Boutique.
    18 | D:1      | Slain by a kobold

Illustrated notes

Levels and vault maps discovered:
D:1:      wander_arrival_desolate, layout_basic, serial_shops, shop,
          ebering_ecumenical_altar_petrified, amethyst_killhole,
          minmay_misc_feat_four_crosses

Action                   || total
-------------------------++-------
Melee: Unarmed           ||     8
Armor: Robe              ||     5
Dodge: Dodged            ||     5
